 Dungeon Crawl Stone Soup version 0.14-a0-3367-g7c2a7eb (webtiles) character file.

104 MrRokkomies the Insei (level 4, -5/32 HPs)
             Began as a Demonspawn Transmuter on Mar 19, 2014.
             Slain by a gnoll
             ... wielding a +0,+0 whip
              (7 damage)
             ... on Level 2 of the Dungeon.
             The game lasted 00:03:31 (1951 turns).

MrRokkomies the Insei (Demonspawn Transmuter)       Turns: 1951, Time: 00:03:31

HP  -5/32        AC  3     Str 10      XL: 4   Next: 15%
MP   7/7         EV 12     Int 16      God:
Gold 26          SH  0     Dex 13      Spells:  2 memorised,  3 levels left

rFire  . . .     SeeInvis .       - Unarmed
rCold  . . .     Clarity  .     c - +0 robe
rNeg   . . .     Conserve .     (no shield)
rPois  .         rCorr    .     (helmet restricted)
rElec  .         rRot     .     (no cloak)
SustAb . .       Spirit   .     (no gloves)
rMut   .         Warding  .     k - +0 pair of boots
Saprov . . .     Stasis   .     (no amulet)
MR     .....                    (no ring)
                                (no ring)

@: appendage (expiring), not resistant to hostile enchantments, unstealthy
A: horns 2, spiny 2
a: End Transformation


You were on level 2 of the Dungeon.
You were hungry.
You had grown temporary horns.
You visited 1 branch of the dungeon, and saw 2 of its levels.

You collected 26 gold pieces.

Inventory:

Missiles
 b - 12 arrows
Armour
 c - a +0 robe (worn)
 k - a +0 pair of boots (worn)
Comestibles
 a - a bread ration
 j - an apple
 m - a pear
Scrolls
 f - a scroll of fear {unknown}
 g - a scroll of blinking {unknown}
 i - a scroll of enchant weapon I {unknown}
 l - 2 scrolls of teleportation
Potions
 e - 3 potions of curing {unknown}
 h - a potion of confusion {unknown}
Books
 d - a book of Changes

   Spells                             Type                      Level
   *Beastly Appendage                 Transmutation                1
   Sticks to Snakes                   Transmutation                2
   *Spider Form                       Transmutation/Poison         3
   Ice Form                           Ice/Transmutation            4
   Blade Hands                        Transmutation                5


   Skills:
 - Level 1.0 Fighting
 - Level 1.7 Dodging
 + Level 4.2 Unarmed Combat
 - Level 2.0 Spellcasting
 * Level 2.4 Transmutations


You had 3 spell levels left.
You knew the following spells:

 Your Spells              Type           Power        Failure   Level  Hunger
a - Beastly Appendage     Trmt           #.....       10%         1    #......
b - Spider Form           Trmt/Pois      #.........   38%         3    ####...


Dungeon Overview and Level Annotations

Branches:
Dungeon (2/15)

Altars:


Innate Abilities, Weirdness & Mutations

You are mostly covered in sharp spines.*
You have a pair of horns on your head.*


Message History

The gnoll hits you with a whip.
You closely miss the gnoll.
The gnoll is lightly wounded.
The gnoll hits you with a whip.
You barely miss the gnoll.
The gnoll is lightly wounded.
You hit the gnoll.
The gnoll is moderately wounded.
The gnoll hits you with a whip!
You barely miss the gnoll. Your headbutt misses the gnoll.
The gnoll is moderately wounded.
The gnoll hits you with a whip!
* * * LOW HITPOINT WARNING * * *
You closely miss the gnoll.
The gnoll is moderately wounded.
The gnoll barely misses you.
You hit the gnoll but do no damage. You headbutt the gnoll!
The gnoll is almost dead.
The gnoll hits you with a whip!
You die...

#.# .# #.# .# #.# ##. #[#
#.. #.# #.# #.# #.# #g#
#<# #.# #)# #.# #@#
#####.### #####g########
..).....# #<...).......#
........####g............
........#...............#
........#.##............#
....[...#.##............
........#.##............
........#.##............


You could see a gnoll.

Vanquished Creatures
  2 gnolls
  2 adders (D:2)
  A worm (D:2)
  2 giant cockroaches
  4 hobgoblins
  2 jackals (D:1)
  4 kobolds (D:1)
  2 oozes (D:1)
  4 bats (D:1)
  3 giant newts
  6 goblins
  4 rats
36 creatures vanquished.

Notes
Turn   | Place    | Note
--------------------------------------------------------------
     0 | D:1      | MrRokkomies, the Demonspawn Transmuter, began the quest for the Orb.
     0 | D:1      | Reached XP level 1. HP: 15/15 MP: 3/3
   185 | D:1      | Reached skill level 3 in Unarmed Combat
   370 | D:1      | Gained mutation: You are partially covered in sharp spines. [demonic ancestry]
   370 | D:1      | Reached XP level 2. HP: 8/21 MP: 4/4
   660 | D:1      | Reached XP level 3. HP: 12/26 MP: 6/6
  1335 | D:2      | Reached skill level 4 in Unarmed Combat
  1456 | D:2      | Learned a level 3 spell: Spider Form
  1465 | D:2      | Gained mutation: You are mostly covered in sharp spines. [demonic ancestry]
  1465 | D:2      | Reached XP level 4. HP: 20/32 MP: 7/7
  1951 | D:2      | Slain by a gnoll

Action                   |  1- 3 |  4- 6 || total
-------------------------+-------+-------++-------
Melee: Unarmed           |    95 |    19 ||   114
 Cast: Beastly Appendage |     4 |     2 ||     6
  Use: Scroll            |     4 |       ||     4
